AoeStats
← pickpanth

Arena

503104792Analyzed
1v1v1v1v1v1v1v1 RM · 1mo ago on Aug 30, 2026· 15m 10s· 8 players
Game mode
Random Map
Map size
Tiny (2 player)
Population
200
Speed
Fast
Resources
Standard
Victory
Standard
Starting age
Dark Age
Ending age
Dark Age
RankedLock teamsTeams togetherTeam positionsShared explorationLock speedFull tech treeHidden civsTurbo modeCheats

Team 6

Victory
🇦🇺 Khitans · Australia
1617
+4

Team 7

Victory
🇦🇺 Slavs · Australia
1549
+5

Team 8

Victory
🇭🇰 Maya · Hong Kong SAR China
1734
+2

Team 9

Victory
🇬🇧 Berbers · United Kingdom
1371
+11

Team 10

Defeat
🇩🇪 Goths · Germany
1363
-8

Team 11

Defeat
🇨🇳 Mongols · China
1267
-5

Team 12

Defeat
🇦🇺 Bulgarians · Australia
1235
-4

Team 13

Defeat
🇺🇸 Spanish · United States
1206
-4
Iggles
8:20 Lamellar Armor
8:54 Iron Casting
8:35 Chain Mail Armor
8:41 Chain Barding Armor
8:36 Leather Archer Armor
8:17 Bodkin Arrow
8:04 Treadmill Crane
8:45 Ballistics
8:16 Guard Tower
12:19 Elite Liao Dao
13:05 Ordo Cavalry
12:22 Spies/Treason
13:21 Conscription
13:34 Plate Mail Armor
13:39 Plate Barding Armor
13:35 Ring Archer Armor
13:06 Bracer
14:10 Chemistry
13:16 Siege Engineers
Crown
Jack
9:50 Leather Archer Armor
9:30 Bodkin Arrow
9:58 Ballistics
9:20 Treadmill Crane
9:34 Arson
9:10 Eagle Warrior
9:51 Squires
9:12 Pikeman
9:13 Long Swordsman
10:04 Thumb Ring
9:19 Crossbowman
10:29 Chain Mail Armor
10:49 Iron Casting
10:07 Guard Tower
10:28 Clinker Construction
10:29 Careening
14:23 Hul'che Javelineers
14:49 Conscription
14:59 Holcans
14:00 Sappers
13:56 Spies/Treason
13:56 Elite Plumed Archer
14:01 Elite Eagle Warrior
14:02 Halberdier
14:03 Two-Handed Swordsman
14:06 Arbalester
14:07 Elite Skirmisher
14:08 Elite Genitour
15:56 Chemistry
15:32 Keep
15:18 Shipwright
15:31 Ring Archer Armor
15:01 Bracer
16:02 Blast Furnace
15:33 Plate Mail Armor
[BROs]Bupass
15:29 Bloodlines
Shiro
fanf
mannutipu
10:54 Chain Barding Armor
11:11 Iron Casting
10:32 Bodkin Arrow
10:53 Leather Archer Armor
10:59 Chain Mail Armor
11:07 Ballistics
10:38 Guard Tower
10:59 Careening
11:00 Clinker Construction
10:48 Stirrups
pickpanth
Connection lost

Rejoining the realm…

Still unreachable

The connection could not be restored.

Session expired

The server has moved on; the page needs a fresh start.